 Dungeon Crawl Stone Soup version 0.30-a0-743-gbfdf073431 (webtiles) character file.

Game seed: 13298172758109166434

313408 billz999 the Swashbuckler (level 21, -1/169 HPs)
             Began as a Gnoll Hunter on Feb 4, 2023.
             Was the Champion of Dithmenos.
             Slain by Mennas
             ... wielding a +0 eudemon blade of holy wrath
              (17 damage)
             ... on level 2 of the Vaults on Feb 7, 2023.
             The game lasted 02:48:27 (52186 turns).

billz999 the Swashbuckler (Gnoll Hunter)           Turns: 52186, Time: 02:48:27

Health: -1/169     AC: 11    Str: 16    XL:     21   Next: 33%
Magic:  39/39      EV: 25    Int: 30    God:    Dithmenos [******]
Gold:   2189       SH:  0    Dex: 24    Spells: 3/49 levels left

rFire   + + +      SeeInvis +    I - +9 arbalest (drain)
rCold   + + .      Faith    .    (shield currently unavailable)
rNeg    + . .      Spirit   .    Z - +1 leather armour "Unwuil" {*Slow rN+ Dex+4}
rPois   +          Reflect  .    z - +0 hat {Int+3}
rElec   .          Harm     .    J - scarf {repulsion}
rCorr   .          Rampage  .    g - +2 pair of gloves {Stlth+}
Will    +++..                    e - +0 pair of boots
Stlth   +++++++                  n - amulet of Vod Qil {RegenMP rC++ Slay+5 SInv}
HPRegen 0.48/turn                j - ring of Fiorecav {Contam rPois Str+8 Int+6}
MPRegen 0.66/turn                H - ring "Dyimeny" {rPois rF+++ Will++ Str-3 Int+6}

@: slowed, studying 3 skills, repel missiles, very slow
A: fangs 1, strong nose, distributed training, see invisible
}: 2/15 runes: decaying, gossamer
a: Renounce Religion, Shadow Step, Shadow Form


You were on level 2 of the Vaults.
You worshipped Dithmenos.
Dithmenos was exalted by your worship.
You visited 7 branches of the dungeon, and saw 35 of its levels.
You visited the Abyss 1 time.
You also visited: Ossuary and Bailey.

You collected 4181 gold pieces.
You spent 1992 gold pieces at shops.

Inventory:

Hand Weapons
 r - the +5 glaive of the Guard {elec, spectral, AC+5}
   (You found it on level 1 of the Vaults)

   AC:        It affects your AC (+5).
 I - a +9 arbalest of draining (weapon)
Missiles
 M - 3 throwing nets
Armour
 e - a +0 pair of boots (worn)
 g - a +2 pair of gloves of stealth (worn)
 z - a +0 hat of intelligence (worn)
 J - a scarf of repulsion (worn)
 Z - the +1 leather armour "Unwuil" (worn) {*Slow rN+ Dex+4}
   (You found it on level 4 of the Lair of Beasts)

   Dex:       It affects your dexterity (+4).
   rN:        It protects you from negative energy.
   *Slow:     It may slow you when you take damage.
Jewellery
 d - the ring "Ecis" {Contam rElec rF++ Dex+3 SInv}
   (You took it off a deep elf annihilator on level 3 of the Elven Halls)

   [ring of see invisible]

   Dex:       It affects your dexterity (+3).
   rF:        It greatly protects you from fire.
   rElec:     It insulates you from electricity.
   SInv:      It lets you see invisible.
   Contam:    It causes magical contamination when unequipped.
 j - the ring of Fiorecav (left hand) {Contam rPois Str+8 Int+6}
   (You acquired it on level 11 of the Dungeon)

   [ring of intelligence]

   Str:       It affects your strength (+8).
   Int:       It affects your intelligence (+6).
   rPois:     It protects you from poison.
   Contam:    It causes magical contamination when unequipped.
 n - the amulet of Vod Qil (around neck) {RegenMP rC++ Slay+5 SInv}
   (You took it off a deep elf death mage on level 3 of the Elven Halls)

   [amulet of magic regeneration]

   It increases your rate of magic regeneration.
   Slay:      It affects your accuracy & damage with ranged weapons and melee
   (+5).
   rC:        It greatly protects you from cold.
   SInv:      It lets you see invisible.
 H - the ring "Dyimeny" (right hand) {rPois rF+++ Will++ Str-3 Int+6}
   (You found it on level 5 of the Lair of Beasts)

   [ring of intelligence]

   Str:       It affects your strength (-3).
   Int:       It affects your intelligence (+6).
   rF:        It renders you almost immune to fire.
   rPois:     It protects you from poison.
   Will:      It greatly increases your willpower.
Wands
 B - a wand of iceblast (15)
 F - a wand of polymorph (19)
 P - a wand of acid (4)
 S - a wand of charming (27)
 T - a wand of flame (35)
 V - a wand of digging (15)
Scrolls
 b - 7 scrolls of immolation
 f - 2 scrolls of enchant weapon
 i - 18 scrolls of teleportation
 o - 6 scrolls of silence
 s - 5 scrolls of amnesia
 t - 13 scrolls of poison
 v - 6 scrolls of enchant armour
 D - 3 scrolls of vulnerability
 E - 3 scrolls of magic mapping
 L - 2 scrolls of torment
 O - 6 scrolls of fog
 Q - 2 scrolls of fear
 Y - a scroll of butterflies
Potions
 a - a potion of invisibility
 c - 5 potions of flight
 k - 11 potions of brilliance
 l - 4 potions of mutation
 m - 12 potions of might
 p - 7 potions of curing
 q - 8 potions of cancellation
 u - 11 potions of haste
 C - 2 potions of attraction
 K - 5 potions of berserk rage
 R - 5 potions of ambrosia
 U - 12 potions of lignification
 W - a potion of resistance
Miscellaneous
 h - a lightning rod (2/4)
 x - a condenser vane (inert)
 A - a condenser vane (inert)
 X - a box of beasts


   Skills:
 + Level 15.4 Fighting
 + Level 17.2 Short Blades
 + Level 14.8 Long Blades
 + Level 14.8 Axes
 + Level 15.2 Maces & Flails
 + Level 14.8 Polearms
 + Level 14.8 Staves
 + Level 16.8 Ranged Weapons
 + Level 14.8 Throwing
 + Level 14.8 Armour
 + Level 15.4 Dodging
 + Level 15.0 Stealth
 + Level 14.8 Shields
 + Level 14.8 Unarmed Combat
 + Level 14.8 Spellcasting
 + Level 12.6 Conjurations
 + Level 12.6 Hexes
 + Level 12.6 Summonings
 + Level 12.6 Necromancy
 + Level 12.6 Translocations
 + Level 12.6 Transmutations
 + Level 12.9 Fire Magic
 + Level 12.6 Ice Magic
 + Level 12.6 Air Magic
 + Level 12.6 Earth Magic
 + Level 12.6 Poison Magic
 + Level 16.0 Invocations
 + Level 14.8 Evocations


You had 3 spell levels left.
You knew the following spells:

 Your Spells              Type           Power      Damage    Failure   Level
a - Tukima's Dance        Hex            78%        N/A       1%          3
b - Freezing Cloud        Conj/Ice/Air   39%        6-21      1%          5
c - Passage of Golubria   Tloc           78%        N/A       1%          4
d - Olgreb's Toxic Radia  Pois           78%        N/A       1%          4
e - Borgnjor's Vile Clut  Necr/Erth      39%        N/A       1%          5
f - Summon Lightning Spi  Summ/Air       78%        N/A       1%          4
g - Statue Form           Tmut/Erth      52%        N/A       2%          6
h - Irradiate             Conj/Tmut      39%        3d24      1%          5
i - Ignition              Fire           39%        3d12      63%         8
j - Blink                 Tloc           100%       N/A       1%          2

Your spell library contained the following spells:

 Spells                   Type           Power      Damage    Failure   Level
 Foxfire                  Conj/Fire      100%       2x1d9     0%          1
 Freeze                   Ice            100%       1d10      0%          1
 Magic Dart               Conj           100%       1d8       0%          1
 Slow                     Hex            100%       N/A       0%          1
 Cigotuvi's Dreadful Rot  Necr/Pois/Air  100%       N/A       1%          2
 Ensorcelled Hibernation  Hex/Ice        100%       N/A       1%          2
 Lesser Beckoning         Tloc           100%       N/A       1%          2
 Momentum Strike          Conj/Tloc      100%       3d10      1%          2
 Passwall                 Tmut/Erth      65%        N/A       1%          2
 Searing Ray              Conj           100%       2d8       1%          2
 Static Discharge         Conj/Air       100%       2-7/arc   1%          2
 Confusing Touch          Hex            78%        N/A       1%          3
 Dazzling Flash           Conj/Hex       100%       N/A       1%          3
 Frozen Ramparts          Ice            100%       1d16      1%          3
 Gell's Gravitas          Tloc           78%        N/A       1%          3
 Hailstorm                Conj/Ice       78%        3d16      1%          3
 Kindle Blastsparks       Fire/Tloc/Air  100%       2d18      1%          3
 Summon Guardian Golem    Hex/Summ       78%        N/A       1%          3
 Swiftness                Air            78%        N/A       1%          3
 Teleport Other           Tloc           78%        N/A       1%          3
 Vampiric Draining        Necr           78%        2d11      1%          3
 Cause Fear               Hex            39%        N/A       1%          4
 Fulminant Prism          Conj/Hex       39%        3d17      1%          4
 Iskenderun's Mystic Bla  Conj/Tloc      78%        2d16      1%          4
 Leda's Liquefaction      Hex/Erth       39%        N/A       1%          4
 Summon Ice Beast         Ice/Summ       78%        N/A       1%          4
 Alistair's Intoxication  Tmut/Pois      52%        N/A       1%          5
 Blade Hands              Tmut           39%        N/A       1%          5
 Fireball                 Conj/Fire      39%        3d16      1%          5
 Lee's Rapid Deconstruct  Erth           39%        3d19*     1%          5
 Silence                  Hex/Air        39%        N/A       1%          5
 Summon Forest            Summ/Tloc      39%        N/A       1%          5
 Summon Mana Viper        Hex/Summ       78%        N/A       1%          5
 Yara's Violent Unravell  Hex/Tmut       39%        3d16      1%          5
 Starburst                Conj/Fire      39%        6d11      1%          6
 Eringya's Noxious Bog    Tmut/Pois      39%        N/A       2%          6
 Simulacrum               Ice/Necr       39%        N/A       2%          6
 Dragon Form              Tmut           39%        N/A       12%         7
 Monstrous Menagerie      Summ           39%        N/A       12%         7
 Orb of Destruction       Conj           39%        9d11      12%         7
 Ozocubu's Refrigeration  Ice            39%        4d16      12%         7
 Spellforged Servitor     Conj/Summ      39%        N/A       12%         7
 Storm Form               Tmut/Air       39%        N/A       12%         7
 Summon Hydra             Summ           39%        N/A       12%         7
 Lehudib's Crystal Spear  Conj/Erth      39%        10d10     67%         8
 Maxwell's Capacitive Co  Air            39%        ∞         67%         8
 Dragon's Call            Summ           39%        N/A       100%        9
 Fire Storm               Conj/Fire      39%        8d10      100%        9
 Polar Vortex             Ice            39%        N/A       100%        9


Dungeon Overview and Level Annotations

Branches:
Dungeon (15/15)            Temple (0/1) D:6            Lair (5/5) D:10
  Swamp (4/4) Lair:2       Spider (4/4) Lair:3        Slime (0/5) Lair:5
    Orc (2/2) D:9             Elf (3/3) Orc:2        Vaults (2/5) D:13
 Depths (0/4) D:15        Ossuary (visited)          Bailey (visited)
  Crypt: Vaults:2-3

Altars:
Cheibriados
Dithmenos
Elyvilon
Hepliaklqana
Kikubaaqudgha
Makhleb
Okawaru
Qazlal
Sif Muna
Trog
Vehumet
Yredelemnul
The Shining One
Jiyva
Lugonu

Shops:
D:3 !=   D:4 :   D:5 *   D:9 *   D:14 *   Orc:2 ([:?*   Elf:1 *:[(*!?   Elf:2 :

Portals:
Abyss: Lair:5
Pandemonium: Orc:2

Annotations:
D:12 1 runed translucent door, exclusion: orange crystal statue
Vaults:2 Mennas


Innate Abilities, Weirdness & Mutations

You have very sharp teeth.
Your uncanny sense of smell can sniff out nearby items.
Your experience applies equally to all skills.
You have supernaturally acute eyesight. (SInv)


Message History

Mennas completely misses you.
Mennas hits you with a +0 eudemon blade of holy wrath!!
You shoot a bolt.
Mennas blocks the bolt.
Your shadow shoots a bolt.
Mennas blocks the bolt.
Mennas is caught in a moment of prayer.
Mennas gestures frantically.
You resist with some effort.
Your lightning spire shoots out a bolt of lightning at Mennas!
The bolt of electricity hits Mennas.
Mennas resists.
Mennas hits you with a +0 eudemon blade of holy wrath!
Mennas hits you with a +0 eudemon blade of holy wrath!! x2
You emit a cloud of dark smoke.
Mennas barely misses you.
You shoot a bolt. The bolt hits Mennas!!
Mennas is severely wounded.
Mennas hits you with a +0 eudemon blade of holy wrath!!
Mennas hits you with a +0 eudemon blade of holy wrath!
* * * LOW HITPOINT WARNING * * *
Your lightning spire shoots out a bolt of lightning at Mennas!
The bolt of electricity hits Mennas.
Mennas resists.
Aiming: Corrosive Bolt
Press: ? - help, Shift-Dir - straight line, f/p - Mennas
Aim: Mennas, wielding a +0 eudemon blade of holy wrath and wearing a +0 tower shield (black smoke, severely wounded, not watching you, ally target, 33% to hit)
The bolt of acid hits Mennas!!
The acid corrodes Mennas!
Mennas is severely wounded.
Mennas gestures frantically.
You resist with almost no effort.
Mennas gestures frantically.
Mennas is healed somewhat.
Your lightning spire shoots out a bolt of lightning at Mennas!
The bolt of electricity hits Mennas.
Mennas resists.
Aiming: Thunderbolt
Press: ? - help, Shift-Dir - straight line, f/p - Mennas
Aim: Mennas, wielding a +0 eudemon blade of holy wrath and wearing a +0 tower shield (black smoke, severely wounded, not watching you, covered in acid, ally target)
The thunderbolt hits Mennas.
Mennas resists.
Mennas is severely wounded.
Your lightning spire shoots out a bolt of lightning at Mennas!
The bolt of electricity misses Mennas.
Mennas hits you with a +0 eudemon blade of holy wrath!!
* * * LOW HITPOINT WARNING * * *
Mennas hits you with a +0 eudemon blade of holy wrath!
You die...

#...##..## .....#
##..####..# .....#
#..#####..#
.....#∆
#..##....## .....#
#..##.<..###.....#
##.##...##8#.....#
#..#####§§#§....#
#.....§§A§§§....#
##....§§@§#.....#
##.....§§#.....#
#########..A..#
.....# .......
....... ....... ∆


You could see Mennas (corroded, ally target) and a friendly lightning spire
(summoned).

Vanquished Creatures
  Saint Roka (Vaults:1)
  the Lernaean hydra (Swamp:4)
  A profane servitor (Abyss:3)
  3 deep elf blademasters (Elf:3)
  A deep elf master archer (Elf:3)
  An acid blob (Spider:1)
  A sphinx (Vaults:1)
  Gastronok (Lair:3)
  A thorn hunter (Swamp:3)
  The ghost of Qehuvis the Warrior, an adept DjFE of Makhleb (Swamp:2)
  Kirke (D:14)
  A fire giant (Vaults:1)
  A draconian scorcher (Abyss:3)
  2 frost giants (Vaults:1)
  Louise (Spider:3)
  6 ghost moths
  8 deep elf sorcerers (Elf:3)
  2 emperor scorpions (Spider:4)
  3 deep elf elementalists (Elf:3)
  2 vault wardens (Vaults:1)
  2 very ugly things
  An orc warlord (Vaults:1)
  3 ironbound preservers (Vaults:1)
  3 broodmothers
  An ironbound thunderhulk (Vaults:1)
  3 eleionomae
  11 deep elf annihilators
  8 deep elf demonologists (Elf:3)
  3 spark wasps (Spider:4)
  5 dire elephants
  5 bunyips
  4 deep elf death magi (Elf:3)
  A shambling mangrove (Swamp:2)
  A yaktaur captain (Vaults:1)
  9 entropy weavers
  Josephine (D:13)
  7 deep elf high priests (Elf:3)
  A great orb of eyes (Vaults:1)
  2 ice dragons (Swamp:2)
  A jorogumo (Spider:2)
  6 centaur warriors
  A catoblepas (D:13)
  A ghost crab (Swamp:3)
  An anaconda (shapeshifter) (Vaults:1)
  A demonspawn (Orc:2)
  2 ironbound frosthearts (Vaults:1)
  Erica (D:9)
  30 hydras
  5 boulder beetles
  2 radroaches
  6 alligators
  A death knight (D:14)
  26 dancing weapons
  5 two-headed ogres
  6 thrashing horrors
  9 death yaks (Lair:5)
  10 orc high priests
  A vampire mage (D:15)
  14 deep elf knights
  A wretched star (Abyss:3)
  2 shadow wraiths (Vaults:1)
  3 skeletal warriors (D:15)
  A sixfirhy (Abyss:3)
  A spatial maelstrom (Abyss:3)
  A goliath frog (Swamp:1)
  Amaemon (Lair:3)
  7 deep trolls (Vaults:1)
  2 glowing orange brains (Vaults:1)
  2 pharaoh ants
  11 swamp dragons
  8 orb spiders
  8 deep elf archers
  3 bog bodies (Swamp:2)
  10 lindwurms
  3 wizards
  2 ironbound convokers (Vaults:1)
  2 necromancers
  4 steelbarb worms
  32 deep elf zephyrmancers
  24 deep elf pyromancers
  A fire giant zombie (D:15)
  13 orc knights
  20 wolf spiders
  A wolf spider (shapeshifter) (Lair:5)
  A stone giant zombie (D:15)
  A manticore (D:12)
  2 oklob plants
  A frost giant zombie (D:15)
  5 orc sorcerers
  10 ugly things
  A salamander (shapeshifter) (D:13)
  2 moths of wrath
  2 cyclopes
  3 will-o-the-wisps
  12 elephants
  2 smoke demons (Lair:5)
  3 black mambas
  3 torpor snails
  12 cane toads
  8 demonic crawlers
  4 vault sentinels (Vaults:1)
  2 orange demons
  An unseen horror (D:10)
  A gargoyle (D:12)
  7 yaktaurs
  4 centaur skeletons (D:13)
  2 ice devils (Orc:2)
  3 kobold demonologists (D:13)
  2 rime drakes
  10 komodo dragons
  3 ancient zymes (Lair:5)
  A freezing wraith (Vaults:1)
  A tengu conjurer (D:15)
  An efreet (D:15)
  2 red devils (Orc:2)
  10 meliai
  20 tarantellas
  A bloated husk (Swamp:1)
  A hornet (shapeshifter) (D:14)
  12 hornets
  5 trolls
  3 polar bears
  Prince Ribbit (D:7)
  21 blink frogs
  A blink frog (shapeshifter) (Vaults:1)
  6 tyrant leeches
  27 jumping spiders
  4 raiju (Abyss:3)
  2 water elementals (Elf:3)
  3 air elementals
  10 spriggans
  70 yaks
  16 culicivoras
  A vampire (D:12)
  4 ynoxinuls (Lair:5)
  8 slime creatures
  2 shadows
  A spriggan skeleton (D:15)
  8 wraiths
  3 fire elementals
  3 wyverns (Lair:2)
  4 hogs (D:14)
  A fire bat (shapeshifter) (Vaults:1)
  2 golden eyes (Abyss:3)
  7 basilisks
  A chaos spawn (Abyss:3)
  58 redbacks
  3 steam dragons
  A vampire mosquito (D:13)
  2 wargs
  3 large abominations
  10 acid dragons
  10 swamp worms
  3 hell hounds
  10 water moccasins
  45 orc warriors
  5 swamp drakes (Swamp:4)
  A black bear (D:5)
  6 ogres
  13 wolves
  5 boggarts
  A phantom (D:5)
  18 centaurs
  8 bullfrogs
  An elf zombie (Ossuary)
  5 kobold brigands
  4 earth elementals
  A gnoll sergeant (D:11)
  10 small abominations (Lair:5)
  3 scorpions
  4 wights (D:7)
  18 killer bees
  4 howler monkeys
  4 electric eels
  A crimson imp (D:5)
  2 centaur zombies (Ossuary)
  20 orc priests
  6 hounds
  2 jellies
  A human zombie (Ossuary)
  4 gnoll boudas
  12 orc wizards
  Ijyb (D:5)
  4 iguanas
  A yak simulacrum (Lair:2)
  5 polar bear simulacra (Lair:2)
  3 wolf simulacra (Lair:2)
  3 mummies
  30 gnolls
  8 adders
  3 shadow imps
  4 ufetubi
  An adder zombie (Ossuary)
  8 worms
  A dart slug (D:2)
  74 orcs
  10 ball pythons
  A bat zombie (D:3)
  5 endoplasms
  4 giant cockroaches
  9 goblins
  9 hobgoblins
  2 jackals (D:2)
  4 quokkas
  7 bats
  2 frilled lizards (D:1)
  2 goblin zombies (Ossuary)
  8 hobgoblin zombies (Ossuary)
  2 jackal zombies (Ossuary)
  20 kobolds
  13 kobold zombies (Ossuary)
  6 orc zombies (Ossuary)
  5 rats
  2 rat zombies
  2 river rat simulacra (Lair:2)
  A spectral goblin (D:10)
  A starspawn tentacle (Abyss:3)
1337 creatures vanquished.

Vanquished Creatures (collateral kills)
  3 deep elf sorcerers (Elf:3)
  A deep elf annihilator (Elf:3)
  2 hydras
  A boulder beetle (D:15)
  4 centaur warriors
  A tengu warrior (D:15)
  3 skeletal warriors
  3 deep elf knights
  2 pharaoh ants
  2 deep elf archers
  An orb spider (Spider:2)
  2 swamp dragons (Swamp:4)
  3 steelbarb worms
  A phantasmal warrior (Vaults:1)
  3 deep elf pyromancers
  2 wolf spiders
  4 deep elf zephyrmancers
  An orc sorcerer (Vaults:1)
  A moth of wrath (Spider:4)
  A demonic crawler (Spider:1)
  2 kobold demonologists (D:13)
  A freezing wraith (D:14)
  A bloated husk (Swamp:4)
  A tyrant leech (Swamp:4)
  8 jumping spiders
  A spriggan (Swamp:1)
  A wraith (D:13)
  3 culicivoras
  7 redbacks
  A vampire mosquito (D:13)
  4 swamp worms
  A water moccasin (Lair:5)
  A swamp drake (Swamp:2)
  A large abomination (Lair:5)
  A centaur (D:15)
  A wight (D:7)
  A quasit (Abyss:3)
  3 orcs (Vaults:1)
80 creatures vanquished.

Vanquished Creatures (others)
  A deep elf knight (Elf:3)
  A bog body (Swamp:1)
  A swamp dragon (Swamp:1)
  3 dancing weapons (D:7)
  6 foxfires
  35 fungi
  52 plants
  3 starspawn tentacles (Abyss:3)
  8 withered plants (D:15)
110 creatures vanquished.

Grand Total: 1527 creatures vanquished

Notes
Turn   | Place    | Note
-------+----------+-------------------------------------------
     0 | D:1      | billz999 the Gnoll Hunter began the quest for the Orb.
     0 | D:1      | Reached XP level 1. HP: 20/20 MP: 1/1
     0 | D:1      | Upgraded the game from 0.30-a0-739-gea05faddec to
                  | 0.30-a0-743-gbfdf073431
   121 | D:1      | Reached XP level 2. HP: 26/26 MP: 2/2
   244 | D:1      | Reached XP level 3. HP: 31/31 MP: 3/3
   287 | D:1      | You fall into a shaft and drop 1 floor!
   334 | D:2      | Identified the +0 spear of Beniod {holy, Fly rElec}
   414 | D:2      | Reached skill level 1 in Invocations
   584 | D:2      | Reached skill level 1 in Short Blades
   584 | D:2      | Reached skill level 1 in Long Blades
   584 | D:2      | Reached skill level 1 in Axes
   584 | D:2      | Reached skill level 1 in Maces & Flails
   584 | D:2      | Reached skill level 1 in Polearms
   584 | D:2      | Reached skill level 1 in Staves
   584 | D:2      | Reached skill level 1 in Throwing
   584 | D:2      | Reached skill level 1 in Armour
   584 | D:2      | Reached skill level 1 in Shields
   584 | D:2      | Reached skill level 1 in Unarmed Combat
   584 | D:2      | Reached skill level 1 in Spellcasting
   584 | D:2      | Reached skill level 1 in Evocations
  1010 | D:3      | Reached XP level 4. HP: 38/38 MP: 5/5
  1010 | D:3      | Found a shadowy altar of Dithmenos.
  1020 | D:3      | Became a worshipper of Dithmenos the Shadowed
  1064 | D:3      | Found Locodgh's Jewellery Emporium.
  1140 | D:3      | Found Uxtadiv's Distillery.
  1216 | D:3      | Reached skill level 1 in Conjurations
  1216 | D:3      | Reached skill level 1 in Hexes
  1216 | D:3      | Reached skill level 1 in Summonings
  1216 | D:3      | Reached skill level 1 in Necromancy
  1216 | D:3      | Reached skill level 1 in Translocations
  1216 | D:3      | Reached skill level 1 in Transmutations
  1216 | D:3      | Reached skill level 1 in Fire Magic
  1216 | D:3      | Reached skill level 1 in Ice Magic
  1216 | D:3      | Reached skill level 1 in Air Magic
  1216 | D:3      | Reached skill level 1 in Earth Magic
  1216 | D:3      | Reached skill level 1 in Poison Magic
  1255 | D:3      | Identified a scroll of acquirement
  1258 | D:3      | Acquired a +2 pair of gloves of stealth
  1345 | D:3      | Found an ancient bone altar of Kikubaaqudgha.
  1486 | D:4      | Reached * piety under Dithmenos
  1487 | D:4      | Reached XP level 5. HP: 40/43 MP: 5/7
  1651 | D:4      | Found a sand-covered staircase.
  1657 | Ossuary  | Entered an ossuary
  1802 | Ossuary  | Reached ** piety under Dithmenos
  1870 | Ossuary  | Reached XP level 6. HP: 49/50 MP: 8/8
  1872 | Ossuary  | Reached skill level 5 in Fighting
  1872 | Ossuary  | Reached skill level 5 in Dodging
  1905 | Ossuary  | Reached skill level 2 in Short Blades
  2136 | D:4      | Reached XP level 7. HP: 43/56 MP: 10/10
  2265 | D:4      | Found Ferohock's Book Shoppe.
  2478 | D:5      | Entered Level 5 of the Dungeon
  2510 | D:5      | Noticed Ijyb
  2519 | D:5      | Killed Ijyb
  2593 | D:5      | Reached *** piety under Dithmenos
  2621 | D:5      | Noticed a shadow
  2894 | D:4      | Reached skill level 3 in Short Blades
  2894 | D:4      | Reached XP level 8. HP: 63/63 MP: 12/12
  2912 | D:5      | Found Yxzaixt's Assorted Antiques.
  3017 | D:5      | Killed a shadow
  3116 | D:5      | Noticed a yak
  3159 | D:5      | Found a burning altar of Makhleb.
  3321 | D:5      | Found a stormy altar of Qazlal.
  3474 | D:5      | Reached XP level 9. HP: 69/69 MP: 14/14
  3502 | D:5      | Reached skill level 4 in Short Blades
  3548 | D:5      | Identified the +3 short sword of the Original Sin {freeze,
                  | *Rage rF+ Str-5 Int+4}
  3652 | D:5      | Identified the -1 cloak "Iros" {rElec rC- Regen+ Str+6}
  3760 | D:5      | Found a snail-covered altar of Cheibriados.
  3869 | D:6      | Found a staircase to the Ecumenical Temple.
  4089 | D:7      | Reached skill level 5 in Stealth
  4267 | D:7      | Learned a level 3 spell: Tukima's Dance
  4373 | D:7      | Reached skill level 5 in Invocations
  4493 | D:7      | Noticed Prince Ribbit
  4515 | D:7      | Reached **** piety under Dithmenos
  4517 | D:7      | Killed Prince Ribbit
  4594 | D:7      | Found a flagged portal.
  4664 | Bailey   | Entered a bailey
  4826 | Bailey   | Reached skill level 5 in Short Blades
  4826 | Bailey   | Reached skill level 5 in Long Blades
  4826 | Bailey   | Reached skill level 5 in Axes
  4826 | Bailey   | Reached skill level 5 in Maces & Flails
  4826 | Bailey   | Reached skill level 5 in Polearms
  4826 | Bailey   | Reached skill level 5 in Staves
  4826 | Bailey   | Reached skill level 5 in Throwing
  4826 | Bailey   | Reached skill level 5 in Armour
  4826 | Bailey   | Reached skill level 5 in Shields
  4826 | Bailey   | Reached skill level 5 in Unarmed Combat
  4826 | Bailey   | Reached skill level 5 in Spellcasting
  4826 | Bailey   | Reached skill level 5 in Evocations
  4826 | Bailey   | Reached XP level 10. HP: 74/77 MP: 17/17
  4845 | Bailey   | Reached skill level 10 in Ranged Weapons
  5036 | Bailey   | Noticed an orc knight
  5036 | Bailey   | Noticed an orc knight
  5046 | Bailey   | Killed an orc knight
  5058 | Bailey   | Killed an orc knight
  5212 | D:7      | Found an iron altar of Okawaru.
  5767 | D:6      | Found a basalt altar of Yredelemnul.
  6014 | D:8      | Found a radiant altar of Vehumet.
  6019 | D:8      | Found a white marble altar of Elyvilon.
  6019 | D:8      | Found a shimmering blue altar of Sif Muna.
  6022 | D:8      | Found a bloodstained altar of Trog.
  6168 | D:8      | Reached ***** piety under Dithmenos
  6744 | D:9      | Found Fatz's Assorted Antiques.
  6805 | D:9      | Reached skill level 6 in Short Blades
  6806 | D:9      | Reached skill level 5 in Conjurations
  6806 | D:9      | Reached skill level 5 in Hexes
  6806 | D:9      | Reached skill level 5 in Summonings
  6806 | D:9      | Reached skill level 5 in Necromancy
  6806 | D:9      | Reached skill level 5 in Translocations
  6806 | D:9      | Reached skill level 5 in Transmutations
  6806 | D:9      | Reached skill level 5 in Fire Magic
  6806 | D:9      | Reached skill level 5 in Ice Magic
  6806 | D:9      | Reached skill level 5 in Air Magic
  6806 | D:9      | Reached skill level 5 in Earth Magic
  6806 | D:9      | Reached skill level 5 in Poison Magic
  6811 | D:9      | Reached XP level 11. HP: 76/85 MP: 20/20
  7066 | D:9      | Noticed Erica
  7073 | D:9      | Killed Erica
  7270 | D:9      | Found a staircase to the Orcish Mines.
  7567 | D:10     | Entered Level 10 of the Dungeon
  7580 | D:10     | Noticed a two-headed ogre
  7583 | D:10     | Killed a two-headed ogre
  7721 | D:10     | Found a staircase to the Lair.
  7723 | D:10     | Noticed a fire crab
  7737 | D:10     | a fire crab changed into a jumping spider
  7864 | D:10     | Learned a level 5 spell: Freezing Cloud
  7990 | D:10     | Found a hazy altar of Hepliaklqana.
  8261 | Lair:1   | Entered Level 1 of the Lair of Beasts
  8327 | D:11     | Noticed an orc knight
  8330 | D:11     | Noticed a two-headed ogre
  8487 | D:11     | Noticed a two-headed ogre
  8490 | D:11     | Killed a two-headed ogre
  8784 | D:11     | Noticed a two-headed ogre
  8792 | D:11     | Killed a two-headed ogre
  8793 | D:11     | Reached skill level 7 in Short Blades
  8974 | D:11     | Killed a two-headed ogre
  8975 | D:11     | Reached XP level 12. HP: 74/94 MP: 18/22
  9266 | D:11     | Acquired the ring of Fiorecav {Contam rPois Str+8 Int+6}
  9606 | Lair:1   | You fall into a shaft and drop 1 floor!
 10076 | Lair:2   | Reached ****** piety under Dithmenos
 10620 | Lair:2   | Reached skill level 8 in Short Blades
 10660 | Lair:2   | Noticed a five-headed hydra
 10660 | Lair:2   | Noticed a seven-headed hydra
 10662 | Lair:2   | Killed a five-headed hydra
 10665 | Lair:2   | Killed a seven-headed hydra
 10708 | Lair:2   | Found a staircase to the Swamp.
 10892 | Lair:2   | Reached XP level 13. HP: 101/101 MP: 14/25
 11579 | Lair:3   | Noticed Amaemon
 11583 | Lair:3   | Noticed Gastronok
 11592 | Lair:3   | Killed Amaemon
 11596 | Lair:3   | Killed Gastronok
 11821 | Lair:3   | Found a hole to the Spider Nest.
 12146 | Lair:3   | Identified the +7 short sword of Gloom {freeze, rC+ Str+3}
 12567 | Lair:4   | Reached skill level 10 in Fighting
 12567 | Lair:4   | Reached skill level 10 in Dodging
 12703 | Lair:4   | Reached skill level 9 in Short Blades
 12712 | Lair:4   | Found an ancient bone altar of Kikubaaqudgha.
 12984 | Lair:4   | Identified the +1 leather armour "Unwuil" {*Slow rN+ Dex+4}
 12996 | Lair:4   | Reached skill level 10 in Invocations
 12996 | Lair:4   | Reached XP level 14. HP: 110/110 MP: 20/27
 13836 | Lair:5   | Entered Level 5 of the Lair of Beasts
 14529 | Lair:5   | Learned a level 4 spell: Passage of Golubria
 14770 | Lair:5   | Reached skill level 10 in Stealth
 15216 | Lair:5   | Found a viscous altar of Jiyva.
 15228 | Lair:5   | Found a staircase to the Slime Pits.
 15969 | Lair:5   | Reached skill level 10 in Short Blades
 15969 | Lair:5   | Reached skill level 10 in Long Blades
 15969 | Lair:5   | Reached skill level 10 in Axes
 15969 | Lair:5   | Reached skill level 10 in Maces & Flails
 15969 | Lair:5   | Reached skill level 10 in Polearms
 15969 | Lair:5   | Reached skill level 10 in Staves
 15969 | Lair:5   | Reached skill level 10 in Throwing
 15969 | Lair:5   | Reached skill level 10 in Armour
 15969 | Lair:5   | Reached skill level 10 in Shields
 15969 | Lair:5   | Reached skill level 10 in Unarmed Combat
 15969 | Lair:5   | Reached skill level 10 in Spellcasting
 15969 | Lair:5   | Reached skill level 10 in Evocations
 16121 | Lair:5   | Reached XP level 15. HP: 118/118 MP: 23/29
 16148 | Lair:5   | Found a corrupted altar of Lugonu.
 16148 | Lair:5   | Found a one-way gate to the infinite horrors of the Abyss.
 16155 | Lair:5   | Identified the ring "Dyimeny" {rPois rF+++ Will++ Str-3
                  | Int+6}
 16181 | Lair:5   | Learned a level 4 spell: Olgreb's Toxic Radiance
 17622 | D:12     | Found a runed translucent door.
 17799 | D:12     | Found the macabre finger necklace {Finger+ rN+}
 17904 | Orc:1    | Entered Level 1 of the Orcish Mines
 18619 | Orc:2    | Entered Level 2 of the Orcish Mines
 18630 | Orc:2    | Learned a level 5 spell: Borgnjor's Vile Clutch
 18926 | Orc:2    | Found Plog's Weapon Emporium.
 19219 | Orc:2    | Found Emuje's Magic Scroll Emporium.
 19220 | Orc:2    | Found Bevvyif's General Store.
 19416 | Orc:2    | Bought a scroll of brand weapon for 114 gold pieces
 19416 | Orc:2    | Bought 2 scrolls of enchant weapon for 180 gold pieces
 19638 | Orc:2    | Found a staircase to the Elven Halls.
 19895 | Orc:2    | Paralysed by an orc sorcerer for 3 turns
 20383 | Orc:2    | Found Hanaqul's Antique Armour Boutique.
 20383 | Orc:2    | Found Ystumem's Book Shop.
 20384 | Orc:2    | Found a one-way gate leading to the halls of Pandemonium.
 20392 | Orc:2    | Bought a book of the Sky for 748 gold pieces
 20397 | Orc:2    | Learned a level 4 spell: Summon Lightning Spire
 22084 | D:13     | Noticed Josephine
 22088 | D:13     | Killed Josephine
 22354 | D:13     | Found a gate to the Vaults.
 22630 | D:14     | Noticed Kirke
 22652 | D:14     | Killed Kirke
 22653 | D:14     | Reached XP level 16. HP: 121/127 MP: 17/30
 22787 | D:14     | Found Kuckorch's General Store.
 23128 | D:14     | Found a shimmering blue altar of Sif Muna.
 23646 | D:15     | Entered Level 15 of the Dungeon
 23650 | D:15     | Reached skill level 11 in Short Blades
 25336 | D:15     | Found a staircase to the Depths.
 26026 | D:15     | Found a glowing golden altar of the Shining One.
 26417 | Swamp:1  | Entered Level 1 of the Swamp
 27730 | Swamp:2  | Found an ancient bone altar of Kikubaaqudgha.
 28317 | Swamp:2  | Reached XP level 17. HP: 132/135 MP: 3/32
 28564 | Swamp:2  | Found a runed translucent gate.
 28568 | Swamp:2  | Found a runed translucent gate.
 28568 | Swamp:2  | Found a runed translucent gate.
 28568 | Swamp:2  | Noticed Qehuvis's ghost (adept DjFE)
 28806 | Swamp:2  | Killed Qehuvis's ghost
 28807 | Swamp:2  | Reached skill level 10 in Conjurations
 28807 | Swamp:2  | Reached skill level 10 in Hexes
 28807 | Swamp:2  | Reached skill level 10 in Summonings
 28807 | Swamp:2  | Reached skill level 10 in Necromancy
 28807 | Swamp:2  | Reached skill level 10 in Translocations
 28807 | Swamp:2  | Reached skill level 10 in Transmutations
 28807 | Swamp:2  | Reached skill level 10 in Fire Magic
 28807 | Swamp:2  | Reached skill level 10 in Ice Magic
 28807 | Swamp:2  | Reached skill level 10 in Air Magic
 28807 | Swamp:2  | Reached skill level 10 in Earth Magic
 28807 | Swamp:2  | Reached skill level 10 in Poison Magic
 29462 | Swamp:3  | Reached skill level 12 in Short Blades
 30066 | Swamp:4  | Entered Level 4 of the Swamp
 31030 | Swamp:4  | Noticed the 27-headed Lernaean hydra
 31036 | Swamp:4  | Killed the 27-headed Lernaean hydra
 31285 | Swamp:4  | Got a decaying rune of Zot
 31712 | Spider:1 | Entered Level 1 of the Spider Nest
 32548 | Lair:3   | Found a hole to the Spider Nest.
 33441 | Spider:1 | Reached skill level 13 in Short Blades
 33979 | Spider:1 | Reached XP level 18. HP: 102/143 MP: 13/34
 35721 | Spider:1 | Reached skill level 15 in Ranged Weapons
 37133 | Spider:3 | Noticed Louise
 37143 | Spider:3 | Killed Louise
 38091 | Spider:3 | Reached skill level 14 in Short Blades
 38677 | Spider:4 | Entered Level 4 of the Spider Nest
 40098 | Spider:4 | Gained mutation: You have supernaturally acute eyesight.
                  | (SInv) [mutagenic glow]
 41000 | Spider:4 | Reached XP level 19. HP: 134/151 MP: 21/36
 41330 | Spider:4 | Got a gossamer rune of Zot
 41898 | Elf:1    | Entered Level 1 of the Elven Halls
 42574 | Elf:1    | Found Ledyup's Neck Hole.
 42805 | Elf:1    | Found Mynuaf's Book Shoppe.
 42813 | Elf:1    | Bought a book of Transfigurations for 560 gold pieces
 42820 | Elf:1    | Learned a level 6 spell: Statue Form
 42826 | Elf:1    | Learned a level 5 spell: Irradiate
 42835 | Elf:1    | Learned a level 8 spell: Ignition
 42945 | Elf:1    | Found Qosch's Weapon Shoppe.
 43031 | Elf:1    | Found Qinatsega's Antique Armour Shoppe.
 43327 | Elf:1    | Found Mucexaj's Assorted Antiques.
 43337 | Elf:1    | Found Xipisilaz's Distillery.
 43342 | Elf:1    | Found Idor's Magic Scroll Shoppe.
 43346 | Elf:1    | Bought a potion of haste for 130 gold pieces
 43346 | Elf:1    | Bought 2 potions of haste for 260 gold pieces
 43704 | Elf:2    | Found a runed translucent gate.
 43712 | Elf:2    | Found a runed translucent gate.
 43875 | Elf:2    | Paralysed by an air elemental for 1 turns
 43967 | Elf:2    | Reached skill level 15 in Short Blades
 44100 | Elf:2    | Found Tucod's Vocational Training.
 44479 | Elf:2    | Found an ancient bone altar of Kikubaaqudgha.
 44516 | Elf:2    | Found a runed translucent gate.
 45764 | Elf:3    | Entered Level 3 of the Elven Halls
 46212 | Elf:3    | Reached skill level 15 in Invocations
 46255 | Elf:3    | Acquired 421 gold pieces
 46793 | Elf:3    | Reached XP level 20. HP: 160/160 MP: 18/37
 46852 | Elf:3    | Identified the +2 broad axe "Obudwed" {antimagic, Fragile
                  | rC+ Dex+6 Stlth+}
 46974 | Abyss:3  | Cast into level 3 of the Abyss (deep elf elementalist)
 47206 | Abyss:3  | Noticed a profane servitor
 47224 | Abyss:3  | Killed a profane servitor
 47314 | Abyss:3  | Reached skill level 16 in Short Blades
 47316 | Elf:3    | Escaped the Abyss
 47948 | Elf:3    | Identified the amulet of Vod Qil {RegenMP rC++ Slay+5 SInv}
 48145 | Elf:3    | Identified the +1 fire dragon scales of Sloth {Rampage
                  | rElec rF++ rC- Slay-6}
 48361 | Elf:3    | Identified the ring "Ecis" {Contam rElec rF++ Dex+3 SInv}
 48377 | Elf:3    | Identified the +10 scimitar of Balance {freeze, *Slow rC++
                  | Will+}
 48377 | Elf:3    | Identified the +1 robe of Monotheism {rPois Dex+5}
 48757 | Elf:3    | Reached skill level 15 in Fighting
 48757 | Elf:3    | Reached skill level 15 in Dodging
 49248 | Elf:3    | Identified the +7 scimitar "Egg" {heavy, rN+}
 49640 | Elf:3    | Learned a level 2 spell: Blink
 49838 | Elf:3    | Identified the amulet of Terra Nullius {RegenMP rPois rN+
                  | Str+3 Int-2}
 50027 | Elf:3    | Identified the +1 quarterstaff "Buehen" {venom, *Rage rElec
                  | Str+4 Stlth+}
 50337 | Vaults:1 | Entered Level 1 of the Vaults
 50430 | Vaults:1 | Got the Vademecum on the Shot and Nausea
 50973 | Vaults:1 | Reached XP level 21. HP: 168/168 MP: 29/39
 51312 | Vaults:1 | Reached skill level 17 in Short Blades
 51456 | Vaults:1 | Reached skill level 15 in Maces & Flails
 51578 | Vaults:1 | Found the +5 glaive of the Guard {elec, spectral, AC+5}
 51664 | Vaults:1 | Noticed Saint Roka
 51677 | Vaults:1 | Killed Saint Roka
 51778 | Vaults:1 | Reached skill level 15 in Stealth
 52171 | Vaults:2 | Noticed Mennas
 52186 | Vaults:2 | Slain by Mennas

Illustrated notes

Levels and vault maps discovered:
D:1:      wander_arrival_desolate, layout_rooms
D:2:      layout_basic, st_stairs_11
D:3:      layout_rooms, grunt_dithmenos_smoke_and_mirrors,
          lemuel_zombie_altar_kikubaaqudgha, serial_shops, nicolae_shop_crystal,
          shop
D:4:      layout_gridville, serial_shops, nicolae_shop_hallway_plus,
          nicolae_ossuary_entry_plus
D:5:      minmay_clustersquares, layout_basic, slow_altar_2,
          makhleb_grotto_becter, mainiacjoe_overflow_cross_hatched,
          serial_shops, nicolae_shop_crystal, minmay_chambers_of_fives,
          uniq_ijyb
D:6:      layout_rooms, mainiacjoe_overflow_alcove_4, temple_statues,
          nicolae_titane
D:7:      layout_loops_ring, okawaru_trees_2, enter_bailey_2,
          minmay_crystal_room, uniq_prince_ribbit1
D:8:      layout_loops_cross, grunt_temple_overflow_open,
          minmay_stone_trees_medium
D:9:      layout_roguey, erik_orc_3, serial_shops, nicolae_stop_n_shop_2,
          uniq_erica
D:10:     layout_roguey, nicolae_hepliaklqana_monster_ancestors,
          minmay_lair_entry_lava
D:11:     layout_basic, minmay_librarian
D:12:     layout_stronghold, minmay_crystal_box
D:13:     layout_basic, hangedman_vaults_entry_quadrant_bands, uniq_josephine
D:14:     layout_layer_cave, old_standard_altar, serial_shops,
          nicolae_shop_hallway_plus, minmay_misc_feat_pillars, uniq_kirke
D:15:     gammafunk_depths_entry_grave, layout_cave_pools,
          nicolae_tso_swordbearing_angel
Lair:1:   layout_cellular_growth
Lair:2:   hellmonk_ruined_rings, layout_gridlike, palyth_hydra_swamp_entry,
          enter_volcano_3, eino_house_with_fridge, serial_bayou_shore_a
Lair:3:   layout_roguey, nicolae_spider_entry_non_spiders, serial_bayou_shore_b,
          uniq_gastronok, uniq_amaemon
Lair:4:   layout_regular_city, lemuel_oklob_altar
Lair:5:   hellmonk_lair_end_abyssal_woods, layout_layer_cave, slime_entry_1,
          grunt_megastairs_4
Swamp:1:  layout_falls_marsh, nicolae_swamp_some_circles, swamp_pool1,
          nicolae_swamp_very_dense_foliage
Swamp:2:  layout_falls_marsh, gammafunk_ghost_hydra_chop,
          nicolae_swamp_godswood, swamp_pool4, hangedman_swamp_double_dragon,
          infiniplex_staircase_pool
Swamp:3:  layout_falls_marsh, evilmike_swamp_ruin_wall, swamp_pool5
Swamp:4:  swamp_old_school, layout_basic_swamp
Spider:1: layout_spider_delve, nicolae_spider_acid_house
Spider:2: layout_spider_delve, beargit_elvish_explorers
Spider:3: layout_cave_pods, uniq_louise
Spider:4: grunt_spider_rune_parallel, drop_trap
Orc:1:    layout_caves
Orc:2:    pf_orc_diabolical, layout_diamond_mine, serial_shops,
          nicolae_diamond_shop
Elf:1:    elf_arrival_001, layout_loops_corners, serial_shops,
          nicolae_take_the_stairs, shop, nicolae_shop_waterfront,
          nicolae_lakefront_shop, hangedman_elf_disciples,
          nicolae_shop_sticking_my_neck_out, minmay_shop_star
Elf:2:    elven_hall_of_blades_hangedman_original
          [nicolae_blade_entry_floor_patterns], layout_gridlike,
          lemuel_statue_altar, nrook_uturn, nicolae_shop_vocational
Elf:3:    nooodl_elf_gasket, layout_geoelf_castle
Vaults:1: v_misc_22, v_misc_8, vaults_room_boxed, v_misc_25,
          minmay_guarded_unrand_guard_vaults, hangedman_vaults_maws,
          hangedman_vaults_nails, nicolae_vaults_network_quinsquares
          [nicolae_vaults_network_quincunx_subvault,
          nicolae_vaults_network_quincunx_subvault,
          nicolae_vaults_network_quincunx_subvault,
          nicolae_vaults_network_quincunx_subvault], layout_vaults_chaotic_city,
          uniq_saint_roka
Vaults:2: nicolae_vaults_what_the_h, vaults_dpeg_spiral, v_alt_pattern_5,
          nicolae_vaults_little_squares_5, ontoclasm_vaults_chip,
          nicolae_vaults_border_crossing, vaults_room_fours,
          vaults_standard_mumra_lines, v_alt_pattern_1, v_alt_pattern_1,
          vaults_dpeg_diagonal, vaults_dpeg_ring, ontoclasm_vaults_gallery,
          ontoclasm_vaults_idyll, ontoclasm_vaults_shuriken, serial_ice_b,
          layout_vaults_ring, serial_shops, bzr_entry_safe, uniq_mara,
          uniq_margery, uniq_mennas

Skill      XL: |  1  2  3  4  5  6  7  8  9 10 11 12 13 14 15 16 17 18 19 20 21 |
---------------+----------------------------------------------------------------+-----
Invocations    | 1 2 3 4 5 6 7 8 10 11 12 13 14 15 16 | 16.0
Short Blades   | 1 2 3 5 6 7 8 9 10 11 13 14 15 16 17 | 17.2
Long Blades    | 1 2 3 5 6 7 8 9 10 11 12 13 14 | 14.8
Axes           | 1 2 3 5 6 7 8 9 10 11 12 13 14 | 14.8
Maces & Flails | 1 2 3 5 6 7 8 9 10 11 12 13 14 15 | 15.2
Polearms       | 1 2 3 5 6 7 8 9 10 11 12 13 14 | 14.8
Staves         | 1 2 3 5 6 7 8 9 10 11 12 13 14 | 14.8
Throwing       | 1 2 3 5 6 7 8 9 10 11 12 13 14 | 14.8
Armour         | 1 2 3 5 6 7 8 9 10 11 12 13 14 | 14.8
Shields        | 1 2 3 5 6 7 8 9 10 11 12 13 14 | 14.8
Unarmed Combat | 1 2 3 5 6 7 8 9 10 11 12 13 14 | 14.8
Spellcasting   | 1 2 3 5 6 7 8 9 10 11 12 13 14 | 14.8
Evocations     | 1 2 3 5 6 7 8 9 10 11 12 13 14 | 14.8
Conjurations   | 1 2 3 4 5 6 7 8 9 10 11 12 | 12.6
Hexes          | 1 2 3 4 5 6 7 8 9 10 11 12 | 12.6
Summonings     | 1 2 3 4 5 6 7 8 9 10 11 12 | 12.6
Necromancy     | 1 2 3 4 5 6 7 8 9 10 11 12 | 12.6
Translocations | 1 2 3 4 5 6 7 8 9 10 11 12 | 12.6
Transmutations | 1 2 3 4 5 6 7 8 9 10 11 12 | 12.6
Fire Magic     | 1 2 3 4 5 6 7 8 9 10 11 12 | 12.9
Ice Magic      | 1 2 3 4 5 6 7 8 9 10 11 12 | 12.6
Air Magic      | 1 2 3 4 5 6 7 8 9 10 11 12 | 12.6
Earth Magic    | 1 2 3 4 5 6 7 8 9 10 11 12 | 12.6
Poison Magic   | 1 2 3 4 5 6 7 8 9 10 11 12 | 12.6
Stealth        | 3 4 5 6 7 8 9 10 11 12 13 14 15 | 15.0
Fighting       | 5 6 7 8 9 10 11 12 13 14 15 | 15.4
Dodging        | 5 6 7 8 9 10 11 12 13 14 15 | 15.4
Ranged Weapons | 9 10 11 12 13 14 15 16 | 16.8

Action                     |  1- 3 |  4- 6 |  7- 9 | 10-12 | 13-15 | 16-18 | 19-21 || total
---------------------------+-------+-------+-------+-------+-------+-------+-------++-------
   Fire: Shortbow          |   111 |   264 |   380 |    18 |       |       |       ||   773
         Arbalest          |       |       |       |   617 |   702 |   599 |   479 ||  2397
   Cast: Tukima's Dance    |       |       |    12 |       |       |       |       ||    12
         Freezing Cloud    |       |       |       |    19 |   161 |   163 |   110 ||   453
         Borgnjor's Vile C |       |       |       |       |    35 |   138 |   145 ||   318
         Summon Lightning  |       |       |       |       |     9 |    98 |    51 ||   158
         Irradiate         |       |       |       |       |       |       |     3 ||     3
         Statue Form       |       |       |       |       |       |       |     1 ||     1
  Evoke: Wand              |       |     2 |    12 |     9 |       |     9 |    12 ||    44
         Condenser vane    |       |       |       |     2 |     2 |     8 |     4 ||    16
         Box of beasts     |       |       |       |       |     2 |     4 |     1 ||     7
         Lightning rod     |       |       |       |       |       |       |     2 ||     2
    Use: Scroll            |       |     7 |     5 |     4 |    23 |    13 |     8 ||    60
         Potion            |       |       |       |     2 |     5 |    10 |    18 ||    35
 Armour: Leather armour    |    10 |    28 |    52 |   142 |    72 |   133 |    31 ||   468
         Skin              |       |       |       |       |       |       |     4 ||     4
  Dodge: Dodged            |    43 |    75 |   229 |   459 |   254 |   626 |   250 ||  1936
         Repelled          |       |       |       |       |       |     2 |    10 ||    12

Table legend: (Time is in decaauts)
 A = Elapsed time spent in this place.
 B = Non-inter-level travel time spent in this place.
 C = Inter-level travel time spent in this place.
 D = Time resting spent in this place.
 E = Time spent auto-exploring this place.
 F = Levels seen in this place.
 G = Mean time per level.
                   A        B        C        D        E       F      G
               +--------+--------+--------+--------+--------+-----+--------+
         Total |  53433 |  50521 |   2912 |  11081 |  30581 |  38 | 1406.1 |
       Dungeon |  16174 |  14839 |   1335 |   2406 |   9524 |  15 | 1078.3 |
          Lair |   9758 |   9124 |    634 |   1154 |   6590 |   5 | 1951.6 |
         Swamp |   5499 |   5321 |    178 |   1472 |   3201 |   4 | 1374.8 |
   Spider Nest |   8350 |   8060 |    290 |   3238 |   3567 |   4 | 2087.5 |
  Orcish Mines |   2528 |   2368 |    160 |    226 |   1703 |   2 | 1264.0 |
   Elven Halls |   7980 |   7717 |    263 |   2289 |   4278 |   3 | 2660.0 |
        Vaults |   1899 |   1848 |     51 |    165 |   1358 |   2 |  949.5 |
         Abyss |    354 |    354 |      0 |    124 |     41 |   1 |  354.0 |
       Ossuary |    372 |    372 |      0 |      3 |     65 |   1 |  372.0 |
        Bailey |    517 |    517 |      0 |      2 |    251 |   1 |  517.0 |
               +--------+--------+--------+--------+--------+-----+--------+

Top non-repeatable levels by time:
   Elf:3: 3434 daAuts
  Lair:5: 2846 daAuts
  Lair:3: 2759 daAuts
   Elf:2: 2747 daAuts
Spider:4: 2383 daAuts
Spider:1: 2322 daAuts
  Lair:2: 2269 daAuts
    D:14: 2157 daAuts
    D:13: 1958 daAuts
   Orc:2: 1934 daAuts
Spider:3: 1920 daAuts
Vaults:1: 1853 daAuts
   Elf:1: 1798 daAuts
Spider:2: 1723 daAuts
 Swamp:2: 1664 daAuts
